 Dungeon Crawl Stone Soup version 0.13-a0-2995-g9a84c3d (webtiles) character file.

12667 Tutturu the Basher (level 11, -5/90 HPs)
             Began as a White Draconian Artificer on Sept 8, 2013.
             Was an Elder of Kikubaaqudgha.
             Killed from afar by a fire drake (11 damage)
             ... with a blast of flame
             ... on Level 3 of the Lair of Beasts.
             The game lasted 00:51:07 (19489 turns).

Tutturu the Basher (White Draconian Artificer)     Turns: 19489, Time: 00:51:08

HP  -5/90        AC  9     Str 13      XL: 11   Next: 56%
MP  25/25        EV 12     Int 21      God: Kikubaaqudgha [****..]
Gold 662         SH 10     Dex 11      Spells:  3 memorised, 14 levels left

Res.Fire  : + . .   See Invis. : .   a - +0,+1 morningstar
Res.Cold  : + . .   Warding    : .   (armour unavailable)
Life Prot.: . . .   Conserve   : .   Z - +1 buckler
Res.Poison: +       Res.Corr.  : .   i - +0 cap
Res.Elec. : .       Clarity    : .   y - +0 cloak
Sust.Abil.: . .     Spirit.Shd : .   J - +0 pair of elf gloves
Res.Mut.  : .       Stasis     : .   (no boots)
Res.Rott. : .       Flight     : .   (no amulet)
Saprovore : . . .                    g - +4 ring of intelligence
                                     k - ring of poison resistance

@: very slightly contaminated, somewhat resistant to hostile enchantments,
unstealthy
A: breathe frost, unfitting armour, berserk 1, cold resistance 1, deterioration
1, fire resistance 1, fast metabolism 1, AC +7
a: Breathe Frost, Receive Corpses, Renounce Religion


You were on level 3 of the Lair of Beasts.
You worshipped Kikubaaqudgha.
Kikubaaqudgha was extremely pleased with you.
You were hungry.

You visited 3 branches of the dungeon, and saw 16 of its levels.

You collected 747 gold pieces.
You spent 105 gold pieces at shops.

Inventory:

Hand weapons
 a - a +0,+1 morningstar (weapon)
 l - the +2,+10 morningstar of Mnaruf {holy, Contam +Blink MR++ Dex+1}
   (You found it on level 3 of the Lair of Beasts)

   It has been blessed by the Shining One to cause great damage to the undead
   and demons.
   It affects your dexterity (+1).
   It affects your resistance to hostile enchantments.
   It lets you blink.
   It causes magical contamination when unequipped.
 M - a +0 blowgun
Missiles
 n - 3 needles of slowing
 I - 2 throwing nets (quivered)
 L - 27 poisoned needles
Armour
 i - a +0 cap (worn)
 y - a +0 cloak (worn)
 J - a +0 pair of elven gloves (worn)
 Z - a +1 buckler (worn)
Magical devices
 e - a wand of draining (0)
 w - a wand of fireball (0)
 x - a wand of disintegration (0)
 K - a wand of frost (6)
 N - a wand of frost (2)
 U - a wand of cold (0)
 Y - a wand of teleportation (0)
Comestibles
 v - a chunk of green rat flesh
 S - a banana
 T - 5 beef jerkies
Scrolls
 p - 2 scrolls of identify
 s - 4 scrolls of remove curse
 t - 2 scrolls of fog
Jewellery
 c - an uncursed amulet of faith {unknown}
 f - an uncursed amulet of clarity {unknown}
 g - a +4 ring of intelligence (right hand)
 h - a +3 ring of dexterity
 k - a ring of poison resistance (left hand)
 m - an uncursed ring of regeneration
 q - an uncursed ring of sustenance
 u - an uncursed ring of protection from cold
 O - a cursed -3 ring of dexterity
 Q - an uncursed ring of protection from magic
Potions
 d - a potion of heal wounds
 j - 2 potions of flight
 z - 2 potions of invisibility
 B - 2 potions of slowing
 D - a potion of speed
 G - 4 potions of brilliance
 P - a potion of agility
 R - 3 potions of curing
Books
 o - a book of the Earth

   Spells                             Type                      Level
   Dig                                Earth                        4
   Leda's Liquefaction                Hexes/Earth                  4
   Bolt of Magma                      Conjuration/Fire/Earth       5
   Statue Form                        Transmutation/Earth          6
   Iron Shot                          Conjuration/Earth            6
   Shatter                            Earth                        9
 F - a book of Enchantments

   Spells                             Type                      Level
   Cause Fear                         Hexes                        4
   Silence                            Hexes/Air                    5
   Tukima's Dance                     Hexes                        5
   Deflect Missiles                   Charms/Air                   6
   *Haste                             Charms                       6
   Discord                            Hexes                        8
Magical staves
 b - an uncursed staff of energy
Miscellaneous
 r - a fan of gales (inert)


   Skills:
 - Level 8.1 Fighting
   Level 1.8 Short Blades
 - Level 9.5 Maces & Flails
 - Level 1.7 Dodging
 - Level 0.8 Stealth
 + Level 4.0 Shields
 - Level 7.5 Spellcasting
 - Level 9.0 Charms
 - Level 3.8 Necromancy
 - Level 3.0 Evocations


You had 14 spell levels left.
You knew the following spells:

 Your Spells              Type           Power        Failure   Level  Hunger
a - Lethal Infusion       Chrm/Necr      ####......   1%          2    None
b - Regeneration          Chrm/Necr      ####......   1%          3    #......
c - Haste                 Chrm           #####...     38%         6    ######.


Dungeon Overview and Level Annotations

Branches:
Dungeon (12/27)            Temple (1/1) D:5             Orc (0/4) D:11
   Lair (3/8) D:12          Snake (0/5) Lair:3
  Swamp: Lair:3-6    Shoals: Lair:3-6    Spider: Lair:3-6

Altars:
Ashenzari
Cheibriados
Elyvilon
Fedhas
Kikubaaqudgha
Makhleb
Nemelex Xobeh
Okawaru
Sif Muna
Trog
Vehumet
Xom
Yredelemnul
Zin
the Shining One

Shops:
D:7 ?

Annotations:
D:6 book N: flight, exclusion: door
D:10 exclusions: jelly and troll
D:12 exclusion: hill giant
Lair:2 exclusion: 2 oklob plants


Innate Abilities, Weirdness & Mutations

You can breathe waves of freezing cold.
You can buffet flying creatures when you breathe cold.
Your icy white scales are hard (AC +7).
Your body does not fit into most forms of armour.
Your cold-blooded metabolism reacts poorly to cold.
Your flesh is cold resistant.
You tend to lose your temper in combat.
Your body is slowly deteriorating.
Your flesh is heat resistant.
You have a fast metabolism.


Message History

The fire drake is almost dead.
The fire drake closely misses you.
You hit the fire drake.
The fire drake is almost dead.
The fire drake bites you.
* * * LOW HITPOINT WARNING * * *
The fire drake breathes fire at you. The blast of flame misses you.
You closely miss the fire drake.
The fire drake is almost dead.
The fire drake breathes fire at you. The blast of flame hits you! You resist.
* * * LOW HITPOINT WARNING * * *
You closely miss the fire drake.
The fire drake is almost dead.
The fire drake breathes fire at you. The blast of flame hits you! You resist.
One of your 3 scrolls of identify catches fire!
You die...
Kikubaaqudgha rasps: "You have failed me!
Welcome... death!"

##.#........#
#P........###
##..<##%### #
#...#f..# #
#...#...# ## ##
##.#.##.## #.
##.###P..>..!#####
##l.............###
#.@#.###...........
##.## ##.#....P#.f
#..# #..#.P...###
#.## #..##..###
###.######.##).#
#....##........#
##............#.#
#...###.#.....###
## ##..#
#....##.#####.


You could see a fire drake.

Vanquished Creatures
  A dragon (D:12)
  2 hydras
  Harold (D:11)
  A black mamba (Lair:3)
  A troll (D:10)
  2 two-headed ogres
  11 yaks
  3 hippogriffs
  4 wolves (Lair:1)
  6 sky beasts
  3 black bears
  A yellow wasp (D:11)
  3 ice beasts
  2 porcupines
  3 centaurs
  2 phantoms (D:10)
  4 ogres
  3 big kobolds
  A gnoll sergeant (D:8)
  9 giant frogs
  An orc warrior (D:10)
  4 water moccasins
  2 hippogriff zombies
  The ghost of 4tharraofdagon the Insei, a weakling DsMo (D:4)
  2 crocodiles
  11 wights
  A quasit (D:10)
  3 centaur zombies
  8 orc priests
  9 orc wizards
  Crazy Yiuf (D:4)
  5 crimson imps
  6 hounds
  A centaur skeleton (D:8)
  3 jellies
  7 iguanas
  2 scorpions
  6 worker ants
  3 sheep (D:11)
  A big kobold zombie (D:9)
  An ogre skeleton (D:8)
  A mummy (D:10)
  13 adders
  14 green rats
  8 gnolls
  6 worms
  42 orcs
  17 bats
  9 giant cockroaches
  18 goblins
  10 hobgoblins
  20 jackals
  26 kobolds
  3 ball pythons
  8 giant geckos
  6 giant newts
  A giant spore (D:11)
  A goblin skeleton (D:4)
  2 hobgoblin zombies
  A kobold zombie (D:6)
  3 orc skeletons
  7 quokkas
  16 rats
  3 ballistomycetes (D:11)
376 creatures vanquished.

Vanquished Creatures (collateral kills)
  2 wolves (Lair:1)
  An orc priest (D:6)
  A worker ant (D:5)
  4 orcs
  A jackal (D:5)
9 creatures vanquished.

Vanquished Creatures (others)
  A plant (Lair:3)
1 creature vanquished.

Grand Total: 386 creatures vanquished

Notes
Turn   | Place    | Note
--------------------------------------------------------------
     0 | D:1      | Tutturu, the Draconian Artificer, began the quest for the Orb.
     0 | D:1      | Reached XP level 1. HP: 17/17 MP: 1/1
   265 | D:1      | Reached XP level 2. HP: 24/24 MP: 3/3
   305 | D:1      | Reached skill level 1 in Maces & Flails
  1087 | D:2      | Reached XP level 3. HP: 26/29 MP: 4/4
  1102 | D:2      | Found a shimmering altar of Xom.
  1104 | D:2      | Found a shimmering altar of Xom.
  1106 | D:2      | Found a shimmering altar of Xom.
  1107 | D:2      | Found a shimmering altar of Xom.
  1497 | D:2      | Found a bloodstained altar of Trog.
  1497 | D:2      | Found a snail-covered altar of Cheibriados.
  1534 | D:2      | Reached XP level 4. HP: 28/36 MP: 6/6
  2019 | D:3      | Reached skill level 4 in Maces & Flails
  2421 | D:3      | Reached XP level 5. HP: 34/41 MP: 7/7
  2987 | D:3      | Reached skill level 5 in Maces & Flails
  3364 | D:4      | Reached XP level 6. HP: 38/48 MP: 9/9
  3568 | D:4      | Reached skill level 6 in Maces & Flails
  3572 | D:4      | Noticed 4tharraofdagon's ghost (weakling DsMo)
  3780 | D:4      | Found a sparkling altar of Nemelex Xobeh.
  3905 | D:4      | Killed 4tharraofdagon's ghost
  4271 | D:4      | Reached skill level 7 in Maces & Flails
  4331 | D:4      | Your scales start taking on an icy white colour.
  4331 | D:4      | Gained mutation: Your flesh is cold resistant. [draconian maturity]
  4331 | D:4      | Reached XP level 7. HP: 34/53 MP: 10/10
  4472 | D:4      | Noticed Crazy Yiuf
  4503 | D:4      | Killed Crazy Yiuf
  4640 | D:5      | Entered Level 5 of the Dungeon
  5176 | D:5      | Found a staircase to the Ecumenical Temple.
  5236 | Temple   | Entered the Ecumenical Temple
  5307 | Temple   | Became a worshipper of Kikubaaqudgha
  5369 | D:5      | Reached skill level 8 in Maces & Flails
  5727 | D:6      | Reached skill level 9 in Maces & Flails
  5888 | D:6      | Reached XP level 8. HP: 61/61 MP: 12/12
  6273 | D:6      | Found a blossoming altar of Fedhas.
  6349 | D:6      | Acquired Kikubaaqudgha's first power
  6349 | D:6      | Received a gift from Kikubaaqudgha
  6353 | D:6      | Identified Kikubaaqudgha's Disquisition on Unholy Rituals (Kikubaaqudgha gifted it to you on level 6 of the Dungeon)
  6358 | D:6      | Learned a level 2 spell: Lethal Infusion
  6683 | D:6      | Reached skill level 1 in Necromancy
  6997 | D:6      | Found a shattered altar of Ashenzari.
  7527 | D:6      | Found a deep blue altar of Sif Muna.
  8179 | D:7      | Reached skill level 5 in Fighting
  8422 | D:7      | Found Rosch's Magic Scroll Boutique.
  8431 | D:7      | Bought a scroll of enchant armour for 77 gold pieces
  8438 | D:7      | Bought a scroll of identify for 28 gold pieces
  8522 | D:8      | Reached XP level 9. HP: 72/72 MP: 13/13
  8699 | D:8      | Acquired Kikubaaqudgha's second power
 10394 | D:9      | Reached skill level 1 in Charms
 11179 | D:10     | Entered Level 10 of the Dungeon
 11206 | D:10     | Reached skill level 5 in Charms
 11537 | D:10     | Reached XP level 10. HP: 64/83 MP: 11/15
 12603 | D:10     | Reached skill level 1 in Spellcasting
 12760 | D:10     | Noticed a seven-headed hydra
 12795 | D:10     | Killed a seven-headed hydra
 13214 | D:11     | Noticed a cyclops
 13289 | D:11     | Found a staircase to the Orcish Mines.
 13317 | D:11     | Received a gift from Kikubaaqudgha
 13322 | D:11     | Found a flagged portal.
 13336 | D:11     | Identified Kikubaaqudgha's Collected Works on Evil Arts (Kikubaaqudgha gifted it to you on level 11 of the Dungeon)
 13471 | D:11     | Noticed Harold
 13485 | D:11     | Killed Harold
 13550 | D:11     | Found a labyrinth entrance.
 13563 | D:11     | Noticed a cyclops
 13644 | D:11     | Reached skill level 5 in Spellcasting
 14190 | D:12     | Learned a level 3 spell: Regeneration
 14198 | D:12     | Noticed a hill giant
 14412 | D:12     | Noticed a dragon
 14416 | D:12     | Noticed a hill giant
 14421 | D:12     | Noticed a hill giant
 14567 | D:12     | Killed a dragon
 14567 | D:12     | Reached XP level 11. HP: 90/90 MP: 24/24
 14885 | D:12     | Found a staircase to the Lair.
 14978 | Lair:1   | Entered Level 1 of the Lair of Beasts
 15695 | Lair:1   | Acquired Kikubaaqudgha's third power
 15754 | Lair:1   | Found a bloodstained altar of Trog.
 17432 | Lair:3   | Noticed a five-headed hydra
 17476 | Lair:3   | Noticed a catoblepas
 17862 | Lair:2   | Learned a level 6 spell: Haste
 18654 | Lair:3   | Got a crystal morningstar
 18655 | Lair:3   | Identified the morningstar of Mnaruf {holy, Contam +Blink MR++ Dex+1} (You found it on level 3 of the Lair of Beasts)
 18683 | Lair:3   | Reached skill level 1 in Shields
 18881 | Lair:3   | Killed a five-headed hydra
 19153 | Lair:3   | Gained mutation: Your body is slowly deteriorating. [mutagenic glow]
 19235 | Lair:3   | Gained mutation: You have a fast metabolism. [mutagenic glow]
 19375 | Lair:3   | Gained mutation: You have a pair of small horns on your head. [potion of mutation]
 19375 | Lair:3   | Lost mutation: You have a pair of small horns on your head. [potion of mutation]
 19378 | Lair:3   | Gained mutation: Your flesh is heat resistant. [potion of mutation]
 19378 | Lair:3   | Gained mutation: You tend to lose your temper in combat. [potion of mutation]
 19430 | Lair:3   | Found a staircase to the Snake Pit.
 19489 | Lair:3   | Killed from afar by a fire drake

Action                   |  1- 3 |  4- 6 |  7- 9 | 10-12 || total
-------------------------+-------+-------+-------+-------++-------
Melee: Short sword       |    18 |       |       |       ||    18
       Mace              |   123 |   268 |    48 |       ||   439
       Flail             |       |       |   149 |       ||   149
       Morningstar       |       |       |   335 |   600 ||   935
       Staff             |       |       |       |     4 ||     4
 Fire: Blowgun           |       |       |       |     7 ||     7
 Cast: Lethal Infusion   |       |       |    12 |    17 ||    29
       Regeneration      |       |       |       |    10 ||    10
       Haste             |       |       |       |     5 ||     5
 Abil: Breathe Frost     |       |       |    10 |     6 ||    16
Evoke: Wand              |     4 |    24 |    26 |    49 ||   103
       Miscellaneous     |       |       |       |     1 ||     1
  Use: Scroll            |     1 |       |    17 |    15 ||    33
       Potion            |       |       |     5 |    11 ||    16
 Stab: Sleeping          |       |       |     6 |     1 ||     7
       Betrayed ally     |       |       |     1 |       ||     1
       Invisible         |       |       |       |     3 ||     3
